 Dungeon Crawl Stone Soup version 0.31-a0-960-g0fca184906 (webtiles) character file.

Game seed: 10932699505305056515

16931 Bnni the Basher (level 12, -28/97 HPs)
             Began as a Demonspawn Fighter on Oct 23, 2023.
             Was a High Priest of Okawaru.
             Annihilated by a golden dragon simulacrum (45 damage)
             ... in an ice cave.
             The game lasted 00:27:42 (11313 turns).

Bnni the Basher (Demonspawn Fighter)               Turns: 11313, Time: 00:27:42

Health: -28/97     AC: 32    Str: 21    XL:     12   Next: 14%
Magic:  15/19      EV:  8    Int:  7    God:    Okawaru [*****.]
Gold:   548        SH: 13    Dex: 15    Spells: 9/11 levels left

rFire   + + .        K - +7 eveningstar (protect)
rCold   . . .        t - +0 kite shield
rNeg    . . .        M - +0 plate armour
rPois   +            W - +0 hat of Repulsion {rPois Will+ Int-4 Dex+3}
rElec   .            Q - +0 cloak {rCorr}
rCorr   +            u - +2 pair of gloves
SInv    .            f - +2 pair of boots
Will    +....        b - amulet of regeneration Stlth
                     m - ring of flight
HPRegen 1.16/turn    q - ring of protection from fire
MPRegen 0.32/turn

%: no passive effects
@: heroic, finesse-ful, under a protective aura, flying
A: hooves 1, molten scales 3, magic regeneration
a: Renounce Religion, Heroism, Finesse, Duel


You were in an ice cave.
You worshipped Okawaru.
Okawaru was extremely pleased with you.
You visited 2 branches of the dungeon, and saw 14 of its levels.
You also visited: Ice Cave.

You collected 636 gold pieces.
You spent 88 gold pieces at shops.

Inventory:

Hand Weapons
 K - a +7 eveningstar of protection (weapon)
Missiles
 k - 15 poisoned darts
 v - 9 boomerangs
 E - 4 curare-tipped darts
 J - 5 javelins
 R - 3 throwing nets
Armour
 f - a +2 pair of boots (worn)
 t - a +0 kite shield (worn)
 u - a +2 pair of gloves (worn)
 M - a +0 plate armour (worn)
 Q - a +0 cloak of preservation (worn)
 W - the +0 hat of Repulsion (worn) {rPois Will+ Int-4 Dex+3}
   (Okawaru gifted it to you on level 12 of the Dungeon)

   Int-4:     It affects your intelligence (-4).
   Dex+3:     It affects your dexterity (+3).
   rPois:     It protects you from poison Will+: It increases your willpower.
Jewellery
 b - an amulet of regeneration (around neck)
 c - a ring of resist corrosion
 g - a ring of poison resistance
 m - a ring of flight (left hand)
 q - a ring of protection from fire (right hand)
 I - a ring of fire
Wands
 r - a wand of charming (14)
 B - a wand of polymorph (11)
 O - a wand of acid (6)
 P - a wand of mindburst (14)
 S - a wand of roots (7)
Scrolls
 l - a scroll of enchant armour
 n - 5 scrolls of teleportation
 o - 2 scrolls of fog
 y - 2 scrolls of fear
 z - a scroll of amnesia
 A - 2 scrolls of immolation
 C - 3 scrolls of poison
 F - a scroll of silence {unknown}
 G - 2 scrolls of revelation {unknown}
 N - a scroll of vulnerability {unknown}
Potions
 d - a potion of might
 e - 3 potions of attraction
 h - 3 potions of enlightenment
 i - 2 potions of mutation
 p - a potion of haste {unknown}
 s - 3 potions of curing
 w - 4 potions of degeneration {unknown}
 D - 2 potions of brilliance {unknown}
 H - 2 potions of heal wounds
 L - a potion of ambrosia {unknown}
 T - a potion of resistance {unknown}
 U - a potion of cancellation {unknown}
 V - a potion of invisibility {unknown}


   Skills:
 + Level 9.6(14.6) Fighting
 * Level 11.8(16.8) Maces & Flails
 - Level 2.6(7.6) Armour
 + Level 9.9(14.9) Shields
 + Level 9.7 Invocations


You had 9 spell levels left.
You knew the following spells:

 Your Spells              Type           Power      Damage    Failure   Level
b - Blink                 Tloc           0%         N/A       100%        2

Your spell library contained the following spells:

 Spells                   Type           Power      Damage    Failure   Level
 Apportation              Tloc           0%         N/A       100%        1
 Magic Dart               Conj           0%         1d3       100%        1
 Necrotise                Necr           0%         1d4       100%        1
 Shock                    Conj/Air       0%         1d3       100%        1
 Cigotuvi's Dreadful Rot  Necr/Pois/Air  0%         N/A       100%        2
 Ignite Poison            Fire/Tmut/Pois 0%         N/A       100%        3
 Mephitic Cloud           Conj/Pois/Air  0%         N/A       100%        3
 Swiftness                Air            0%         N/A       100%        3
 Airstrike                Air            0%         2d(0-16)  100%        4
 Dimensional Bullseye     Hex/Tloc       0%         N/A       100%        4
 Iskenderun's Mystic Bla  Conj/Tloc      0%         2d3       100%        4
 Manifold Assault         Tloc           0%         N/A       100%        4
 Freezing Cloud           Conj/Ice/Air   0%         6-21      100%        5
 Summon Small Mammal      Summ           Unusable   N/A       N/A         1
 Call Imp                 Summ           Unusable   N/A       N/A         2
 Tukima's Dance           Hex            Unusable   N/A       N/A         3

Dungeon Overview and Level Annotations

Branches:
Dungeon (12/15)            Temple (1/1) D:6            Lair (0/5) D:9
    Orc (0/2) D:11          IceCv (1/1)

Altars:
Ashenzari
Cheibriados
Dithmenos
Fedhas
Gozag
Hepliaklqana
Kikubaaqudgha
Makhleb
Nemelex Xobeh
Okawaru
Qazlal
Ru
Sif Muna
Trog
Uskayaw
Vehumet
Wu Jian
Xom
Yredelemnul

Shops:
D:1 !([   D:4 :   D:11 =

Annotations:
D:12 1 runed translucent door, flt's ghost, journeyman DgFE IceCv exclusion: 2 obsidian statues


Innate Abilities, Weirdness & Mutations

You have large cloven feet.
You are completely covered in molten scales. (AC +4, rF+)
You regenerate magic rapidly.


Message History

Aiming: Fastroot
Press: ? - help, Shift-Dir - straight line, p - golden dragon simulacrum The roots erupt in riotous growth!
Roots grab the golden dragon simulacrum.
The grasping roots constrict the golden dragon simulacrum, but do no damage.
Unknown command.
You puncture the golden dragon simulacrum!
The golden dragon simulacrum is moderately damaged.
The grasping roots constrict the golden dragon simulacrum.
You block the golden dragon simulacrum's attack.
The golden dragon simulacrum claws you but does no damage.
The golden dragon simulacrum tramples you!
* * * LOW HITPOINT WARNING * * *
You hold your ground!
You can now deal lightning-fast blows.
The grasping roots constrict the golden dragon simulacrum.
The roots release their grip on the golden dragon simulacrum.
The golden dragon simulacrum bites you but does no damage.
The golden dragon simulacrum closely misses you.
The golden dragon simulacrum tramples you but does no damage.
You hit the golden dragon simulacrum but do no damage.
The golden dragon simulacrum is moderately damaged.
Unknown command.
You hit the golden dragon simulacrum.
The golden dragon simulacrum is heavily damaged.
You hit the golden dragon simulacrum.
The golden dragon simulacrum is heavily damaged.
The golden dragon simulacrum bites you but does no damage.
You block the golden dragon simulacrum's attack.
The golden dragon simulacrum tramples you but does no damage.
You barely miss the golden dragon simulacrum.
The golden dragon simulacrum is heavily damaged.
You hit the golden dragon simulacrum.
The golden dragon simulacrum is heavily damaged.
You hit the golden dragon simulacrum.
The golden dragon simulacrum is severely damaged.
The golden dragon simulacrum bites you!
* * * LOW HITPOINT WARNING * * *
The golden dragon simulacrum freezes you!!!
You die...

##..... ##.......
##........ ####
#8........
##..########........
##....##..##.........
#....................
#..∩∩..Z..........⌠..
#......@##...........
##....######.........
##..## ##........
#### 8........
....... #..... #..


You could see a golden dragon simulacrum.

Vanquished Creatures
  Harold (D:9)
  2 two-headed ogres
  A catoblepas (D:10)
  3 ugly things
  2 manticores
  Maurice (D:9)
  A slime creature (D:12)
  Psyche (D:9)
  An unseen horror (D:7)
  3 freezing wraiths (IceCv)
  2 ice devils (IceCv)
  A komodo dragon (D:11)
  4 trolls
  Grinder (D:3)
  A shadow (D:10)
  A vampire (D:11)
  Sigmund (D:4)
  4 wyverns
  2 wraiths (D:10)
  A basilisk (D:9)
  12 yaks
  A harpy simulacrum (IceCv)
  2 water moccasins
  11 orc warriors
  2 black bears
  An ettin simulacrum (IceCv)
  2 ice beasts
  3 sky beasts
  6 ogres
  4 centaurs
  3 kobold brigands
  2 bullfrogs
  A gnoll sergeant (D:11)
  3 scorpions
  3 wights (D:9)
  17 killer bees
  8 howler monkeys
  2 jellies
  2 centaur zombies (D:8)
  3 orc priests
  2 gnoll boudas
  2 hounds
  5 iguanas
  12 orc wizards
  17 gnolls
  3 adders
  2 white imps
  4 ufetubi
  A worm (D:2)
  4 dart slugs
  49 orcs
  7 ball pythons
  11 endoplasms
  3 giant cockroaches
  8 goblins
  7 hobgoblins
  3 quokkas
  7 bats
  6 frilled lizards
  20 kobolds
  2 rats
297 creatures vanquished.

Notes
Turn   | Place    | Note
-------+----------+-------------------------------------------
     0 | D:1      | Bnni the Demonspawn Fighter began the quest for the Orb.
     0 | D:1      | Reached XP level 1. HP: 18/18 MP: 1/1
    85 | D:1      | Reached skill level 2 in Maces & Flails
   179 | D:1      | Gained mutation: You are partially covered in molten
                  | scales. (AC +2) [demonic ancestry]
   179 | D:1      | Reached XP level 2. HP: 24/24 MP: 2/2
   187 | D:1      | Found Ubocze Wica's Weapon Shoppe.
   272 | D:1      | Found Iwim's Antique Armour Shop.
   462 | D:1      | Found Oqeiw's Distillery.
   740 | D:2      | Reached XP level 3. HP: 29/29 MP: 3/3
  1303 | D:2      | Reached XP level 4. HP: 35/35 MP: 4/4
  1519 | D:1      | Bought a potion of heal wounds for 55 gold pieces
  1519 | D:1      | Bought a potion of curing for 33 gold pieces
  1552 | D:3      | Found a radiant altar of Vehumet.
  1661 | D:3      | Noticed Grinder
  1677 | D:3      | Killed Grinder
  1678 | D:3      | Reached skill level 3 in Maces & Flails
  1678 | D:3      | Reached XP level 5. HP: 28/42 MP: 1/5
  1678 | D:3      | Reached XP level 6. HP: 32/48 MP: 1/6
  2074 | D:3      | Found a snail-covered altar of Cheibriados.
  2075 | D:3      | Found an ancient bone altar of Kikubaaqudgha.
  2257 | D:4      | Reached skill level 4 in Maces & Flails
  2283 | D:4      | Reached skill level 5 in Shields
  2405 | D:4      | Found a bloodstained altar of Trog.
  2516 | D:4      | Noticed Sigmund
  2524 | D:4      | Gained mutation: You are mostly covered in molten scales.
                  | (AC +3) [demonic ancestry]
  2524 | D:4      | Reached XP level 7. HP: 47/55 MP: 4/7
  2538 | D:4      | Killed Sigmund
  2539 | D:4      | Reached skill level 5 in Maces & Flails
  2568 | D:4      | Found Pihadomm's Book Boutique.
  2852 | D:5      | Entered Level 5 of the Dungeon
  2921 | D:5      | Learned a level 2 spell: Blink
  3051 | D:5      | Found a burning altar of Makhleb.
  3075 | D:5      | Reached skill level 5 in Fighting
  3099 | D:5      | Gained mutation: You regenerate magic rapidly. [demonic
                  | ancestry]
  3099 | D:5      | Reached XP level 8. HP: 54/62 MP: 6/8
  3545 | D:5      | Reached skill level 6 in Maces & Flails
  3551 | D:5      | Found a broken altar of Ashenzari.
  4114 | D:6      | Found a staircase to the Ecumenical Temple.
  4171 | D:6      | Identified the +0 robe "Ackiz" {+Blink Int+3 Archmagi}
  4175 | Temple   | Entered the Ecumenical Temple
  4187 | Temple   | Became a worshipper of Warmaster Okawaru
  4532 | D:6      | Reached skill level 1 in Invocations
  4768 | D:6      | Reached skill level 7 in Maces & Flails
  4794 | D:6      | Reached XP level 9. HP: 69/69 MP: 10/10
  5148 | D:7      | Found a sacrificial altar of Ru.
  5215 | D:7      | Reached * piety under Okawaru
  5473 | D:7      | Found a hide-covered altar of Uskayaw.
  5792 | D:7      | Reached skill level 8 in Maces & Flails
  5832 | D:7      | Reached ** piety under Okawaru
  5992 | D:7      | Noticed a green ugly thing
  6006 | D:7      | Killed a green ugly thing
  6007 | D:7      | Reached skill level 5 in Invocations
  6007 | D:7      | Gained mutation: You have large cloven feet. [demonic
                  | ancestry]
  6007 | D:7      | Reached XP level 10. HP: 79/79 MP: 13/13
  6445 | D:7      | Noticed a white ugly thing
  6469 | D:7      | Killed a white ugly thing
  6469 | D:7      | Reached *** piety under Okawaru
  6470 | D:7      | Reached skill level 9 in Maces & Flails
  6959 | D:8      | Found a shimmering altar of Xom.
  7331 | D:8      | Found a basalt altar of Yredelemnul.
  7645 | D:9      | Found a staircase to the Lair.
  7756 | D:9      | Noticed a two-headed ogre
  7771 | D:9      | Killed a two-headed ogre
  7772 | D:9      | Reached skill level 10 in Maces & Flails
  7822 | D:9      | Noticed Maurice
  7825 | D:9      | Maurice stole 5 javelins
  7828 | D:9      | Maurice stole a +0 flail
  7844 | D:9      | Maurice stole a ring of flight
  7853 | D:9      | Killed Maurice
  7853 | D:9      | Reached **** piety under Okawaru
  7854 | D:9      | Reached XP level 11. HP: 55/86 MP: 16/16
  7975 | D:9      | Found an opulent altar of Gozag.
  7994 | D:9      | Noticed Harold
  8040 | D:9      | Killed Harold
  8409 | D:9      | Noticed Psyche
  8427 | D:9      | Killed Psyche
  8427 | D:9      | Reached ***** piety under Okawaru
  8531 | D:10     | Entered Level 10 of the Dungeon
  8549 | D:10     | Noticed a two-headed ogre
  8556 | D:10     | Killed a two-headed ogre
  8608 | D:10     | Noticed a catoblepas
  8633 | D:10     | Killed a catoblepas
  8981 | D:10     | Reached skill level 11 in Maces & Flails
  9165 | D:10     | Found an ornate altar of the Wu Jian Council.
  9861 | D:11     | Noticed a red ugly thing
  9872 | D:11     | Killed a red ugly thing
 10176 | D:11     | Found a staircase to the Orcish Mines.
 10456 | D:11     | Found Dopeadd's Jewellery Shoppe.
 10576 | D:11     | Found a sparkling altar of Nemelex Xobeh.
 10921 | D:12     | Found a runed translucent door.
 10922 | D:12     | Noticed flt's ghost (journeyman DgFE)
 10927 | D:12     | Identified the +9 trident of Ynonkap {venom, Fragile Str+5}
 10927 | D:12     | Noticed a spriggan rider
 11005 | D:12     | Gained mutation: You are completely covered in molten
                  | scales. (AC +4, rF+) [demonic ancestry]
 11005 | D:12     | Reached XP level 12. HP: 16/96 MP: 19/19
 11096 | D:12     | Reached ****** piety under Okawaru
 11097 | D:12     | Acquired the +0 hat of Repulsion {rPois Will+ Int-4 Dex+3}
 11097 | D:12     | Received a gift from Okawaru
 11112 | D:12     | Acquired a +4 eveningstar of protection
 11112 | D:12     | Received a gift from Okawaru
 11133 | D:12     | You are sucked into a shaft and drop 2 floors!
 11153 | D:14     | Found a frozen archway.
 11161 | IceCv    | Entered an ice cave
 11313 | IceCv    | Annihilated by a golden dragon simulacrum

Illustrated notes

Levels and vault maps discovered:
D:1:      nzn_arrival_settlement, layout_basic, serial_shops,
          nicolae_lakefront_shop, nicolae_shop_crystal, shop
D:2:      layout_loops_ring, minmay_cupped
D:3:      layout_rooms, mainiacjoe_overflow_catwalk,
          nicolae_overflow_hidden_temple, uniq_grinder
D:4:      layout_rooms, lemuel_round_altar, serial_shops, kennysheep_little_box,
          uniq_sigmund
D:5:      layout_basic, mainiacjoe_overflow_boulevard, general_overflow_altar
D:6:      layout_rooms, minmay_temple_entry_glass,
          chequers_serial_rivers_small_b, grunt_ministairs_8,
          nicolae_benzene_ring
D:7:      layout_basic, mainiacjoe_overflow_cross_hatched, lemuel_round_altar,
          nicolae_uskayaw_murder_on_the_dancefloor, wad_mini_maze
D:8:      layout_rooms, nicolae_overflow_crystal_walls,
          lemuel_zombie_altar_yredelemnul, kennysheep_nub, serial_bayou_pond_c,
          grunt_ministairs_5, st_stairs_11
D:9:      layout_loops_ring, grunt_temple_overflow_gold_and_silver,
          david_lair_generic, nicolae_kite_square_tiling_tiny, uniq_maurice,
          uniq_harold, uniq_psyche
D:10:     layout_gridville, nicolae_wu_jian_immortal_techniques,
          mainiacjoe_overflow_alcove_4, st_stairs_7
D:11:     layout_stronghold, david_orc_4, serial_shops, kennysheep_mini_moat,
          nemelex_spade_bored_becter
D:12:     layout_basic, ebering_ghost_funeral_grove, nicolae_vehumet_altar_sigil
D:14:     layout_roguey, david_vaults_3, gammafunk_ghost_spectres,
          portal_ice_cave_entry_pillars_three, uniq_frances, uniq_kirke
Temple:   nicolae_temple_great_sept
IceCv:    ice_cave_tombish

Skill      XL: |  1  2  3  4  5  6  7  8  9 10 11 |
---------------+----------------------------------+-----
Maces & Flails | 2 3 4 5 7 8 10 11 | 11.8
Shields        | 3 4 5 6 7 8 9 |  9.9
Fighting       | 4 5 6 7 8 9 |  9.6
Invocations    | 1 5 7 9 |  9.7
Armour         | |  2.6

Action                     |  1- 3 |  4- 6 |  7- 9 | 10-12 || total
---------------------------+-------+-------+-------+-------++-------
  Melee: Flail             |   113 |    95 |    22 |   342 ||   572
         Short sword       |       |    38 |   517 |   395 ||   950
         Eveningstar       |       |       |       |    49 ||    49
  Throw: Dart              |       |     1 |       |     2 ||     3
 Invoke: Heroism           |       |       |     1 |     3 ||     4
         Finesse           |       |       |       |     1 ||     1
         Receive Weapon    |       |       |       |     1 ||     1
         Receive Armour    |       |       |       |     1 ||     1
  Evoke: Wand              |       |       |       |     8 ||     8
    Use: Scroll            |       |     6 |     7 |     4 ||    17
         Potion            |       |     2 |     6 |       ||     8
 Armour: Scale mail        |    82 |    94 |   317 |       ||   493
         Chain mail        |       |       |   104 |   160 ||   264
         Plate armour      |       |       |       |   812 ||   812
  Dodge: Dodged            |    60 |    43 |   190 |   183 ||   476
  Block: Buckler           |    33 |     5 |       |       ||    38
         Kite shield       |       |    41 |   306 |   565 ||   912

Table legend: (Time is in decaauts)
 A = Elapsed time spent in this place.
 B = Non-inter-level travel time spent in this place.
 C = Inter-level travel time spent in this place.
 D = Time resting spent in this place.
 E = Time spent auto-exploring this place.
 F = Levels seen in this place.
 G = Mean time per level.
                   A        B        C        D        E       F      G
               +--------+--------+--------+--------+--------+-----+--------+
         Total |  11611 |  11245 |    366 |   1051 |   7039 |  15 |  774.1 |
       Dungeon |  11430 |  11073 |    357 |    994 |   7039 |  13 |  879.2 |
        Temple |     22 |     13 |      9 |      0 |      0 |   1 |   22.0 |
      Ice Cave |    158 |    158 |      0 |     56 |      0 |   1 |  158.0 |
               +--------+--------+--------+--------+--------+-----+--------+

Top non-repeatable levels by time:
     D:7: 1535 daAuts
    D:11: 1371 daAuts
     D:6: 1185 daAuts
     D:5: 1101 daAuts
    D:10: 1099 daAuts
     D:9: 1010 daAuts
     D:8: 930 daAuts
     D:2: 800 daAuts
     D:1: 785 daAuts
     D:4: 711 daAuts
     D:3: 648 daAuts
    D:12: 222 daAuts
   IceCv: 158 daAuts
    D:14: 27 daAuts
  Temple: 22 daAuts
